 Dungeon Crawl Stone Soup version 0.28.0 (webtiles) character file.

Game seed: 1698740685588759320

51 SnakkuSnakku7 the Sneak (level 3, 0/26 HPs)
             Began as a Vampire Fire Elementalist on Feb 14, 2022.
             Succumbed to an adder's poison
             ... on level 2 of the Dungeon.
             The game lasted 00:01:13 (1068 turns).

SnakkuSnakku7 the Sneak (Vampire Fire Elementalist) Turns: 1068, Time: 00:01:14

Health: 0/26       AC:  6    Str:  9    XL:     3   Next: 58%
Magic:  6/6        EV:  8    Int: 17    God:
Gold:   63         SH:  0    Dex: 14    Spells: 5/6 levels left

rFire   . . .      SeeInvis +   c - +0 spear (venom)
rCold   . . .      Faith    .   (no shield)
rNeg    . . .      Spirit   .   f - +0 scale mail
rPois   .          Reflect  .   (no helmet)
rElec   .          Harm     .   (no cloak)
rCorr   .          Rampage  .   (no gloves)
Will    .....                   (no boots)
Stlth   +.........              (no amulet)
HPRegen 0.28/turn               (no ring)
MPRegen 0.10/turn               (no ring)

@: lethally poisoned (0 -> -9), healing quickly
A: alive, fangs 3, see invisible, vampiric 2
a: Exsanguinate


You were on level 2 of the Dungeon.
You visited 1 branch of the dungeon, and saw 2 of its levels.

You collected 63 gold pieces.

Inventory:

Hand Weapons
 c - a +0 spear of venom (weapon)
Armour
 a - a +0 robe
 f - a +0 scale mail (worn)
Scrolls
 b - 3 scrolls of immolation {unknown}
 d - 2 scrolls of identify {unknown}
 e - 3 scrolls of vulnerability {unknown}


   Skills:
 + Level 1.0 Fighting
 - Level 2.5 Polearms
 - Level 2.1 Dodging
 - Level 3.0 Stealth
 - Level 0.4 Unarmed Combat
 - Level 2.0 Spellcasting
 - Level 0.6 Conjurations
 - Level 2.4 Fire Magic


You had 5 spell levels left.
You knew the following spells:

 Your Spells              Type           Power      Damage    Failure   Level
a - Foxfire               Conj/Fire      24%        2x1d5     65%         1

Your spell library contained the following spells:

 Spells                   Type           Power      Damage    Failure   Level
 Scorch                   Fire           18%        2d5       67%         2
 Conjure Flame            Conj/Fire      6%         6-21      95%         3
 Inner Flame              Hex/Fire       5%         N/A       97%         3
 Flame Wave               Conj/Fire      6%         2d5       100%        4


Dungeon Overview and Level Annotations

Branches:
Dungeon (2/15)

Altars:


Innate Abilities, Weirdness & Mutations

Your natural rate of healing is accelerated.
You have razor-sharp teeth.
You have supernaturally acute eyesight. (SInv)
You are afflicted with vampirism and can become a bat while bloodless.


Message History

You feel sick. The adder bites you but does no damage.
You miss the adder. Your bite misses the adder.
The adder is moderately wounded.
You feel sick. The adder closely misses you.
You hit the adder.
The adder is heavily wounded.
You feel sick. The adder bites you.
You are more poisoned.
The adder poisons you!
You are too injured to fight recklessly!
You closely miss the adder.
The adder is heavily wounded.
You feel sick. The adder closely misses you. The adder barely misses you.
You miss the adder.
The adder is heavily wounded.
You feel sick. The adder bites you but does no damage.
You completely miss the adder.
The adder is heavily wounded.
You feel sick. The adder barely misses you.
You miss the adder. Your bite misses the adder.
The adder is heavily wounded.
You feel sick. The adder bites you.
You barely miss the adder.
The adder is heavily wounded.
You feel sick. The adder bites you.
* * * LOW HITPOINT WARNING * * *
You are more poisoned.
The adder poisons you! The adder bites you.
* * * LOW HITPOINT WARNING * * *
You are more poisoned.
The adder poisons you!
You hit the adder.
The adder is poisoned.
The adder is severely wounded.
* * * LOW HITPOINT WARNING * * *
You feel very sick. The adder bites you but does no damage.
Unknown command.
You aren't carrying any potions.
Unknown command.
You die...

#.....########...####..
###.### #...# #.. #.#
#...# #.. #.# ######...#
#.. #.# .....#...# #..
#####'####.....#...######
#..............####......
#..............# #.#####
#.......@......# #.# #
#..............# #.# ###
#####.####S....# #.# #..
#.# .....# #.# #.. #..
....... ... #.. ###
.....## ... ### .....#
[.. # ###### # #


You could see an adder (very poisoned).

Vanquished Creatures
  Terence (D:2)
  An adder (D:2)
  A dart slug (D:1)
  4 endoplasms (D:1)
  A giant cockroach (D:1)
  A hobgoblin (D:2)
  A quokka (D:1)
  A frilled lizard (D:2)
  A goblin (D:2)
  3 kobolds (D:1)
  2 rats (D:1)
17 creatures vanquished.

Vanquished Creatures (others)
  5 foxfires (D:1)
5 creatures vanquished.

Grand Total: 22 creatures vanquished

Notes
Turn   | Place    | Note
-------+----------+-------------------------------------------
     0 | D:1      | SnakkuSnakku7 the Vampire Fire Elementalist began the quest
                  | for the Orb.
     0 | D:1      | Reached XP level 1. HP: 13/13 MP: 3/3
   211 | D:1      | Reached skill level 1 in Fighting
   300 | D:1      | Reached XP level 2. HP: 19/21 MP: 5/5
   587 | D:1      | Reached skill level 1 in Polearms
   847 | D:2      | Noticed Terence
   859 | D:2      | Killed Terence
   860 | D:2      | Gained mutation: You are afflicted with vampirism and can
                  | become a bat while bloodless. [Vampire growth]
   860 | D:2      | Reached XP level 3. HP: 15/26 MP: 6/6
  1067 | D:2      | HP: 1/26 [poisoned by an adder]
  1068 | D:2      | Succumbed to an adder's poison

Illustrated notes

Levels and vault maps discovered:
D:1:      heliophobic_arrival_ceremonial_halls, layout_basic
D:2:      layout_basic, chequers_ecumenical_altar_simple_redux,
          chequers_hall_statues_wall_a, minmay_tripent, uniq_natasha,
          uniq_terence

Skill      XL: |  1  2 |
---------------+-------+-----
Fighting       | 1 |  1.0
Polearms       | 2 |  2.5
Dodging        | |  2.1
Stealth        | |  3.0
Unarmed Combat | |  0.4
Spellcasting   | |  2.0
Conjurations   | |  0.6
Fire Magic     | |  2.4

Action                   || total
-------------------------++-------
Melee: Spear             ||    63
       Bite              ||     3
 Cast: Foxfire           ||     3
 Stab: Sleeping          ||     3
Armor: Robe              ||     4
       Scale mail        ||     6
Dodge: Dodged            ||    25
